 Dungeon Crawl Stone Soup version 0.21.0-25-ge575cb9 (webtiles) character file.

6547 nikopol the Cleaver (level 11, -4/100 HPs)
             Began as a Gargoyle Fighter on Jan 24, 2018.
             Was a High Priest of Okawaru.
             Slain by a two-headed ogre
             ... wielding a +0 giant club
              (16 damage)
             ... on level 9 of the Dungeon.
             The game lasted 00:22:37 (9394 turns).

nikopol the Cleaver (Gargoyle Fighter)              Turns: 9394, Time: 00:22:38

Health: -4/100     AC: 19    Str: 26    XL:     11   Next: 1%
Magic:  12/12      EV: 10    Int: 10    God:    Okawaru [*****.]
Gold:   403        SH: 11    Dex: 10    Spells: 10/10 levels left

rFire    . . .     SeeInvis .   w - +0 hand axe (venom)
rCold    + . .     Gourm    .   c - +0 shield
rNeg     + . .     Faith    .   b - +0 scale mail
rPois    ∞         Spirit   .   (no helmet)
rElec    +         Reflect  .   D - +2 cloak
rCorr    .         Harm     .   (no gloves)
MR       .....                  (no boots)
Stlth    ..........             u - amulet of rage
HPRegen  0.26/turn              (no ring)
MPRegen  0.13/turn              m - ring of protection from cold

@: berserking, very quick
A: negative energy resistance 1, electricity resistance, unbreathing,
petrification resistance, rot immunity, AC +8
a: Heroism, Finesse, Renounce Religion, Evoke Berserk Rage


You were on level 9 of the Dungeon.
You worshipped Okawaru.
Okawaru was extremely pleased with you.
You were very hungry.

You visited 2 branches of the dungeon, and saw 10 of its levels.

You collected 403 gold pieces.

Inventory:

Hand Weapons
 a - a +0 war axe
 w - a +0 hand axe of venom (weapon)
 y - a +2 vampiric hand axe
Missiles
 q - 3 tomahawks of returning (quivered)
Armour
 b - a +0 scale mail (worn)
 c - a +0 shield (worn)
 D - a +2 cloak (worn)
Jewellery
 g - an uncursed ring of protection from fire
 m - a ring of protection from cold (right hand)
 u - an amulet of rage (around neck)
Wands
 p - a wand of acid (10)
 t - a wand of polymorph (28)
 A - a wand of scattershot (3)
 H - a wand of paralysis (2)
 J - a wand of flame (12)
Scrolls
 e - 3 scrolls of identify
 h - 7 scrolls of remove curse
 k - a scroll of fog {unknown}
 n - 2 scrolls of noise {unknown}
 o - 5 scrolls of teleportation {unknown}
 s - a scroll of magic mapping {unknown}
 v - 4 scrolls of blinking {unknown}
 B - 6 scrolls of amnesia {unknown}
 E - 2 scrolls of random uselessness {unknown}
 F - 3 scrolls of fear {unknown}
 I - 3 scrolls of immolation {unknown}
Potions
 d - 2 potions of might
 i - a potion of berserk rage
 j - 6 potions of curing
 l - a potion of agility
 x - a potion of invisibility
 z - a potion of brilliance
 C - 2 potions of heal wounds
 G - a potion of cancellation
Books
 r - a book of Necromancy

   Spells                             Type                      Level
   a - Pain                           Necromancy                   1
   b - Animate Skeleton               Necromancy                   1
   c - Vampiric Draining              Necromancy                   3
   d - Regeneration                   Charms/Necromancy            3
   e - Animate Dead                   Necromancy                   4
   f - Borgnjor's Vile Clutch         Necromancy/Earth             5
Comestibles
 f - 18 rations


   Skills:
 + Level 7.6 Fighting
 + Level 9.2 Axes
 + Level 2.0 Throwing
 + Level 7.5 Armour
 + Level 4.2 Dodging
 + Level 1.8 Stealth
 + Level 8.4 Shields
 + Level 2.3 Evocations


You had 10 spell levels left.
You didn't know any spells.

Dungeon Overview and Level Annotations

Branches:
Dungeon (9/15)             Temple (1/1) D:5
   Lair: D:8-11         Orc: D:9-12

Altars:
Cheibriados
Dithmenos
Elyvilon
Fedhas
Gozag
Hepliaklqana
Kikubaaqudgha
Makhleb
Nemelex Xobeh
Okawaru
Qazlal
Ru
Sif Muna
Trog
Uskayaw
Vehumet
Wu Jian
Xom
Yredelemnul
Zin
The Shining One

Shops:
D:4 *


Innate Abilities, Weirdness & Mutations

You are resistant to torment.
Your stone body is resilient. (AC +8)
You are immune to poison.
You resist negative energy. (rN+)
You are resistant to electric shocks. (rElec)
You can survive without breathing.
You are immune to petrification.
You are immune to rotting.


Message History

The two-headed ogre hits you with a giant club.
You are too injured to fight recklessly!
You are too injured to fight recklessly!
You fail to use your ability.
The two-headed ogre barely misses you.
The two-headed ogre hits you with a giant club!
* * * LOW HITPOINT WARNING * * *
You fail to use your ability.
A red film seems to cover your vision as you go berserk!
You feel yourself moving faster!
You feel mighty!
You are feeling very hungry.
The two-headed ogre hits you with a giant club.
* * * LOW HITPOINT WARNING * * *
The two-headed ogre barely misses you.
You slash the two-headed ogre!
The two-headed ogre looks as sick as possible!
The two-headed ogre is moderately wounded.
The two-headed ogre hits you with a giant club!
* * * LOW HITPOINT WARNING * * *
The two-headed ogre hits you with a giant club!
You die...

............♣≈≈≈P≈♣≈≈
...........≈♣≈≈≈≈≈≈≈≈≈
...........≈♣≈≈≈≈≈≈≈≈≈
....)......♣≈≈≈≈≈≈≈;≈
............≈♣≈≈≈≈≈P≈
...###♣≈.P♣..≈≈≈≈;♣≈≈≈≈≈≈
...'..♣♣≈≈♣...≈≈≈≈≈♣P≈≈≈≈≈
...'.♣♣♣≈♣♣♣..♣O♣♣♣♣≈≈≈P≈♣
...#.♣♣P.♣ ♣♣...@♣P♣P≈♣≈≈
##♣♣♣♣♣♣≈♣♣♣♣♣♣###...♣≈P≈
..♣≈≈♣P≈≈≈P♣.♣♣..#....#
...≈≈.≈≈≈≈.≈≈≈...#....#
..♣P♣.♣.≈.P≈P♣...'....# ....
..♣♣♣♣♣♣≈♣♣♣♣♣♣###....# ....
...♣♣.♣P.♣♣..♣........# ....
......♣≈≈♣♣♣..........#######....
......♣P≈♣♣......................


You could see a two-headed ogre.

Vanquished Creatures
  3 two-headed ogres
  Joseph (D:9)
  Maurice (D:8)
  A troll (D:7)
  A hippogriff (D:9)
  A wyvern (D:9)
  3 hogs (D:7)
  A yak (D:7)
  A human (D:7)
  Menkaure (D:4)
  2 water moccasins
  An orc warrior (D:6)
  2 black bears
  An ice beast (D:8)
  A phantom (D:7)
  A sky beast (D:7)
  A necrophage (D:7)
  3 ogres
  A centaur (D:5)
  2 bullfrogs (D:6)
  2 scorpions
  A vampire bat (D:5)
  7 electric eels (D:9)
  2 howler monkeys (D:8)
  4 crimson imps
  A jelly (D:9)
  6 orc priests
  A centaur zombie (D:5)
  4 hounds
  A bullfrog skeleton (D:8)
  4 orc wizards
  4 worker ants
  A worker ant zombie (D:5)
  3 gnolls (D:6)
  7 adders
  A shadow imp (D:7)
  3 worms
  6 leopard geckos
  32 orcs
  2 ball pythons
  3 bat skeletons (D:5)
  A bat zombie (D:5)
  4 giant cockroaches
  4 goblins
  7 hobgoblins
  7 jackals (D:6)
  6 quokkas
  2 bats
  6 frilled lizards
  A jackal skeleton (D:5)
  5 kobolds
  A leopard gecko skeleton (D:4)
  3 rats
  A plant (D:9)
172 creatures vanquished.

Vanquished Creatures (others)
  5 dream sheep (D:5)
5 creatures vanquished.

Grand Total: 177 creatures vanquished

Notes
Turn   | Place    | Note
-------+----------+-------------------------------------------
     0 | D:1      | nikopol the Gargoyle Fighter began the quest for the Orb.
     0 | D:1      | Reached XP level 1. HP: 14/14 MP: 1/1
     6 | D:1      | Noticed a black bear
     7 | D:1      | Noticed a hog
     7 | D:1      | Noticed a rime drake
   226 | D:1      | Found a sparkling altar of Nemelex Xobeh.
   511 | D:1      | Reached XP level 2. HP: 19/19 MP: 2/2
   685 | D:2      | Reached skill level 2 in Axes
   698 | D:2      | Reached XP level 3. HP: 9/23 MP: 3/3
   841 | D:2      | Reached skill level 1 in Dodging
  1104 | D:2      | Reached XP level 4. HP: 26/28 MP: 4/4
  1614 | D:3      | Reached skill level 3 in Axes
  1721 | D:3      | Reached XP level 5. HP: 17/33 MP: 5/5
  2298 | D:4      | Found a white marble altar of Elyvilon.
  2407 | D:4      | Noticed a black bear
  2429 | D:4      | Killed a black bear
  2429 | D:4      | Reached XP level 6. HP: 23/38 MP: 6/6
  2615 | D:4      | Noticed Menkaure
  2621 | D:4      | Reached skill level 4 in Axes
  2625 | D:4      | Killed Menkaure
  2625 | D:4      | Reached XP level 7. HP: 39/43 MP: 7/7
  2766 | D:4      | Found a glowing silver altar of Zin.
  2769 | D:4      | Found a basalt altar of Yredelemnul.
  3028 | D:4      | Found Ciuk's Assorted Antiques.
  3235 | D:5      | Entered Level 5 of the Dungeon
  3324 | D:5      | Found an ancient bone altar of Kikubaaqudgha.
  3365 | D:5      | Reached skill level 5 in Axes
  3365 | D:5      | Reached skill level 5 in Shields
  3449 | D:5      | Found a bloodstained altar of Trog.
  3522 | D:5      | Found a shimmering altar of Xom.
  3522 | D:5      | Noticed a dream sheep
  3522 | D:5      | Noticed a dream sheep
  3522 | D:5      | Noticed a dream sheep
  3522 | D:5      | Noticed a dream sheep
  3522 | D:5      | Noticed a dream sheep
  3526 | D:5      | Killed a dream sheep
  3526 | D:5      | Killed a dream sheep
  3526 | D:5      | Killed a dream sheep
  3526 | D:5      | Killed a dream sheep
  3526 | D:5      | Killed a dream sheep
  3653 | D:5      | Reached skill level 5 in Armour
  3991 | D:5      | Found a staircase to the Ecumenical Temple.
  4137 | Temple   | Entered the Ecumenical Temple
  4292 | Temple   | Became a worshipper of Warmaster Okawaru
  4377 | D:5      | Reached XP level 8. HP: 48/48 MP: 8/8
  5114 | D:6      | Reached skill level 1 in Stealth
  5144 | D:6      | Found an opulent altar of Gozag.
  5277 | D:6      | Reached skill level 6 in Axes
  5328 | D:6      | Reached * piety under Okawaru
  5434 | D:6      | Reached skill level 5 in Fighting
  5816 | D:6      | You fall through a shaft for 3 floors!
  5816 | D:9      | Noticed a hippogriff
  5826 | D:9      | Killed a hippogriff
  5826 | D:9      | Reached skill level 1 in Throwing
  5826 | D:9      | Reached XP level 9. HP: 54/54 MP: 9/9
  6022 | D:8      | Reached skill level 1 in Evocations
  6054 | D:8      | Found an opulent altar of Gozag.
  6060 | D:8      | Noticed a two-headed ogre
  6069 | D:8      | Killed a two-headed ogre
  6069 | D:8      | Reached ** piety under Okawaru
  6069 | D:8      | Reached skill level 7 in Axes
  6309 | D:8      | Noticed a two-headed ogre
  6399 | D:7      | Noticed a troll
  6416 | D:7      | Killed a troll
  6416 | D:7      | Reached *** piety under Okawaru
  6642 | D:7      | Reached XP level 10. HP: 40/61 MP: 11/11
  6824 | D:7      | Found a radiant altar of Vehumet.
  6843 | D:7      | Reached skill level 8 in Axes
  6900 | D:7      | Reached **** piety under Okawaru
  7439 | D:8      | Noticed Maurice
  7483 | D:8      | Killed Maurice
  7567 | D:8      | Killed a two-headed ogre
  7567 | D:8      | Reached ***** piety under Okawaru
  7818 | D:8      | Found an ornate altar of the Wu Jian Council.
  8454 | D:9      | Noticed Joseph
  8483 | D:9      | Killed Joseph
  8977 | D:9      | Noticed a two-headed ogre
  8996 | D:9      | Killed a two-headed ogre
  8996 | D:9      | Reached skill level 9 in Axes
  9359 | D:9      | Reached XP level 11. HP: 62/67 MP: 12/12
  9375 | D:9      | Received a gift from Okawaru
  9390 | D:9      | Noticed a two-headed ogre
  9394 | D:9      | Slain by a two-headed ogre

Skill      XL: |  1  2  3  4  5  6  7  8  9 10 |
---------------+-------------------------------+-----
Axes           | 2 3 4 5 6 7 9 |  9.2
Dodging        | 1 2 3 4 |  4.2
Shields        | 4 5 6 8 |  8.4
Armour         | 4 5 6 7 |  7.5
Fighting       | 4 5 6 7 |  7.6
Stealth        | 1 |  1.8
Throwing       | 1 2 |  2.0
Evocations     | 2 |  2.3

Action                   |  1- 3 |  4- 6 |  7- 9 | 10-12 || total
-------------------------+-------+-------+-------+-------++-------
Melee: War axe           |    76 |   131 |     1 |       ||   208
       Hand axe          |       |       |   314 |   253 ||   567
Throw: Tomahawk          |       |     1 |    18 |     7 ||    26
Invok: Heroism           |       |       |       |     1 ||     1
 Abil: Evoke Berserk Rag |       |     2 |     3 |     2 ||     7
  Use: Scroll            |       |       |       |     9 ||     9
  Eat: Chunk             |     1 |     6 |    13 |    10 ||    30
       Ration            |       |       |     1 |       ||     1
Armor: Scale mail        |    38 |    81 |   127 |    62 ||   308
Dodge: Dodged            |    17 |    39 |   117 |    64 ||   237
Block: Shield            |    43 |    75 |   157 |    79 ||   354
